 Dungeon Crawl Stone Soup version 0.32-a0-18-g89e19f1974 (webtiles) character file.

Game seed: 14593592356479813107

53 mopl the Insei (level 3, -6/23 HPs)
             Began as an Octopode Shapeshifter on Jan 16, 2024.
             Killed by nerve-wracking pain
             ... invoked by an orc priest
              (12 damage)
             ... on level 3 of the Dungeon.
             The game lasted 00:01:30 (1197 turns).

mopl the Insei (Octopode Shapeshifter)              Turns: 1197, Time: 00:01:31

Health: -6/23      AC:  1    Str: 13    XL:     3   Next: 87%
Magic:  3/3        EV: 13    Int: 12    God:
Gold:   182        SH:  0    Dex: 13    Spells: 2/2 levels left

rFire   . .          .
                       - Unarmed
rCold   . . .        (no shield)
rNeg    . . .        (helmet currently unavailable)
rPois   .            (no amulet)
rElec   .            (no ring)
rCorr   .            (no ring)
SInv    .            (no ring)
Will    .....        (no ring)
Stlth   ++           (no ring)
HPRegen 0.23/turn    (no ring)
MPRegen 0.08/turn    (no ring)
                     (no ring)

%: no passive effects
@: beast-form
A: beast (slay +2), almost no armour, amphibious, 8 rings, camouflage 1,
gelatinous body 1, (nimble swimmer 1), tentacles
a: Begin Untransformation


You were on level 3 of the Dungeon.
You were a hulking beast.
You visited 1 branch of the dungeon, and saw 3 of its levels.

You collected 182 gold pieces.

Inventory:

Talismans
 b - a beast talisman
 c - a flux talisman
Scrolls
 e - 2 scrolls of identify {unknown}
 f - 2 scrolls of vulnerability {unknown}
 h - a scroll of enchant armour {unknown}
 i - a scroll of noise {unknown}
 j - a scroll of teleportation {unknown}
 l - a scroll of revelation {unknown}
Potions
 a - 3 potions of lignification {!q}
 d - a potion of attraction {unknown}
 g - a potion of resistance {unknown}
 k - a potion of heal wounds {unknown}


   Skills:
 + Level 1.5 Fighting
 + Level 2.4 Dodging
 * Level 3.6 Unarmed Combat
 * Level 3.5 Shapeshifting


You had 2 spell levels left.
You didn't know any spells.
Your spell library was empty.

Dungeon Overview and Level Annotations

Branches:
Dungeon (3/15)

Altars:

Shops:
D:1 *


Innate Abilities, Weirdness & Mutations

You are a hulking beast.
Your limbs bulge with bestial killing power. (Slay +2)
You cannot wear most types of armour.
You are amphibious.
You can wear up to eight rings at the same time.
Your skin changes colour to match your surroundings (Stealth+).
Your rubbery body absorbs attacks. (AC +1, EV +1)
((You are camouflaged when in or above water. (Stealth+)))
You have tentacles for arms and can constrict up to eight enemies at once.


Message History

Found a mace and a grey potion.
There is a stone staircase leading up here.
Found a stone staircase leading down.
You see here a +0 mace.
An orc and an orc priest come into view.
You see here a grey potion.
You see here a glowing puce potion.
There are monsters nearby!
An orc and a bombardier beetle come into view.
Found 6 poisoned darts.
The orc shouts!
The orc closely misses you.
You closely miss the orc. You grab the orc. You squeeze the orc.
The orc is moderately wounded.
You constrict the orc. The orc completely misses you.
You bludgeon the orc!
You kill the orc!
You bludgeon the orc!
You kill the orc!
The orc priest hits you with a +0 hand axe!
Things that are here:
a +0 morningstar; a +0 dagger; an orc corpse You tentacle-slap the orc priest but do no damage.
You grab the orc priest.
You constrict the orc priest, but do no damage.
The orc priest calls down the wrath of Beogh upon you.
Pain shoots through your body!
* * * LOW HITPOINT WARNING * * *
You are too injured to fight recklessly!
You completely miss the orc priest. You squeeze the orc priest.
The orc priest is moderately wounded.
You constrict the orc priest, but do no damage.
The orc priest barely misses you.
You tentacle-slap the orc priest but do no damage.
The orc priest is moderately wounded.
You constrict the orc priest, but do no damage.
The orc priest calls down the wrath of Beogh upon you.
Pain shoots through your body!
Ouch! That really hurt!
You die...

.......#.# .. .........#
.# .o....$#.# .#
.o.......# .#
B....$.#.########.#
..................#
........!!....)...######
##.###o######..<.......
#h# #.##.#####. #.# #...
.# #............>...
#..##..####.#.###. #.
#..# ## ## .. # #..# ..
..(. .## #... ##.##


You could see an orc priest.

Vanquished Creatures
  An adder (D:2)
  2 dart slugs (D:1)
  2 ribbon worms (D:2)
  2 orcs (D:3)
  A bat (D:1)
  4 endoplasms
  3 giant cockroaches
  2 goblins (D:2)
  4 hobgoblins
  A quokka (D:2)
  4 ball pythons
  2 frilled lizards (D:2)
  3 kobolds
  A rat (D:2)
32 creatures vanquished.

Notes
Turn   | Place    | Note
-------+----------+-------------------------------------------
     0 | D:1      | mopl the Octopode Shapeshifter began the quest for the Orb.
     0 | D:1      | Reached XP level 1. HP: 13/13 MP: 1/1
    49 | D:1      | Found Xathemne's General Store.
   140 | D:1      | Reached XP level 2. HP: 14/18 MP: 2/2
   585 | D:2      | Reached XP level 3. HP: 3/23 MP: 3/3
  1197 | D:3      | Killed from afar by an orc priest

Illustrated notes

Levels and vault maps discovered:
D:1:      lightli_arrival_isolated_outpost, layout_loops_cross, serial_shops,
          nicolae_shop_temple_entry_statues_fountains
D:2:      layout_loops_ring
D:3:      layout_loops_ring

Action                     || total
---------------------------++-------
  Melee: Unarmed           ||    59
         Tentacles         ||    11
         Constrict         ||    12
         Punch             ||     2
   Stab: Sleeping          ||    12
 Armour: Skin              ||    14
  Dodge: Dodged            ||    17

Table legend: (Time is in decaauts)
 A = Elapsed time spent in this place.
 B = Non-inter-level travel time spent in this place.
 C = Inter-level travel time spent in this place.
 D = Time resting spent in this place.
 E = Time spent auto-exploring this place.
 F = Levels seen in this place.
 G = Mean time per level.
                   A        B        C        D        E       F      G
               +--------+--------+--------+--------+--------+-----+--------+
         Total |   1192 |   1149 |     43 |     92 |    847 |   3 |  397.3 |
       Dungeon |   1192 |   1149 |     43 |     92 |    847 |   3 |  397.3 |
               +--------+--------+--------+--------+--------+-----+--------+

Top non-repeatable levels by time:
     D:2: 647 daAuts
     D:1: 523 daAuts
     D:3: 21 daAuts
